 Dungeon Crawl Stone Soup version 0.24-b1-44-g37ad8b309f (webtiles) character file.

Game seed: 15487802754401401238, levelgen mode: deterministic

250 Iskender the Ducker (level 6, 0/42 HPs)
             Began as an Octopode Chaos Knight on Oct 24, 2019.
             Was a Plaything of Xom.
             Slain by an iguana (14 damage)
             ... on level 5 of the Dungeon.
             The game lasted 00:22:50 (3363 turns).

Iskender the Ducker (Octopode Chaos Knight)         Turns: 3363, Time: 00:22:50

Health: 0/42       AC:  1    Str: 11      XL:     6   Next: 13%
Magic:  6/6        EV: 15    Int: 11 (14) God:    Xom [..*...]
Gold:   186        SH:  0    Dex: 14      Spells: 5/5 levels left

rFire    . . .     SeeInvis .   A - +0 spear
rCold    . . .     Gourm    .   (no shield)
rNeg     . . .     Faith    .   (helmet restricted)
rPois    .         Spirit   .   (no amulet)
rElec    .         Reflect  .   (no ring)
rCorr    .         Harm     .   (no ring)
MR       .....                  (no ring)
Stlth    +++.......             (no ring)
HPRegen  0.14/turn              (no ring)
MPRegen  0.10/turn              (no ring)
                                (no ring)
                                (no ring)

@: drained
A: almost no armour, stealthy swim, amphibious, 8 rings, constrict 8, camouflage
1, gelatinous body 1
a: Renounce Religion


You were on level 5 of the Dungeon.
You worshipped Xom.
You were a toy of Xom.
You were not hungry.

You visited 1 branch of the dungeon, and saw 5 of its levels.

You collected 186 gold pieces.

Inventory:

Hand Weapons
 a - a +0 spear of chaos
 b - a +0 hunting sling of velocity
 f - a +2 dagger of speed
 n - a +2 short sword of freezing
 x - a +0 quarterstaff
 y - a +1 hunting sling of velocity
 A - a +0 spear (weapon)
Missiles
 c - 131 stones
 d - 90 sling bullets
 g - 75 bolts
 r - 10 poisoned darts
 u - 8 boomerangs (quivered)
Jewellery
 k - an uncursed amulet of harm
Wands
 B - a wand of acid (7)
Scrolls
 h - a scroll of teleportation {unknown}
 i - a scroll of blinking
 l - a scroll of noise {unknown}
 q - 2 scrolls of remove curse
 s - a scroll of fog
 t - a scroll of identify
 v - a scroll of amnesia {unknown}
Potions
 e - 2 potions of mutation {unknown}
 j - 2 potions of flight {unknown}
 m - 2 potions of curing {unknown}
 w - a potion of agility {unknown}
 z - 2 potions of haste {unknown}
Comestibles
 p - 8 rations


   Skills:
 - Level 3.0(2.3) Fighting
 - Level 3.0(2.3) Polearms
 + Level 5.4(4.7) Dodging
 - Level 4.4(3.8) Stealth


You had 5 spell levels left.
You didn't know any spells.
Your spell library was empty.

Dungeon Overview and Level Annotations

Branches:
Dungeon (5/15)
 Temple: D:4-7

Altars:
Kikubaaqudgha
Makhleb
Okawaru

Annotations:
D:2 Sigmund
D:3 3 runed translucent doors, Emblim88's ghost, amateur NaMo


Innate Abilities, Weirdness & Mutations

You cannot wear most types of armour.
You are very stealthy in the water. (Stealth+)
You are amphibious.
You can wear up to eight rings at the same time.
You can use your tentacles to constrict eight enemies at once.
Your skin changes colour to match your surroundings (Stealth+).
Your rubbery body absorbs attacks. (AC +1, EV +1)


Message History

n - a +2 short sword of freezing You see here a hand axe.
You feel sick.
q - 2 scrolls of remove curse (gained 1)
You start resting.
You feel sick.
You are no longer poisoned.
You eat one of the 9 rations.
That ration really hit the spot!
You start resting.
You hear the slow hiss of a very distant avalanche of sand.
You open the door.
An iguana comes into view.
The iguana hisses angrily.
The iguana moves out of view.
There is an open door here.
Found a leather armour.
You closely miss the iguana. Your grab misses the iguana.
The iguana closely misses you.
You barely miss the iguana. You grab the iguana. You constrict the iguana.
The iguana bites you!
You die...

.... ......
......
##########......
#...............
#...............
#.....l.......#
#......@......#
#...[###'#....#
#.. #...# ..# #
#...# # #...#
#...# #.†.#####
#)......#
#.......#


You could see an iguana.

Vanquished Creatures
  A hound (D:4)
  An orc wizard (D:3)
  A hound zombie (D:5)
  A howler monkey zombie (D:3)
  Robin (D:4)
  2 adders
  2 oozes (D:2)
  An adder skeleton (D:4)
  6 worms
  3 dart slugs
  4 orcs (D:3)
  4 giant cockroaches
  16 goblins
  12 hobgoblins
  11 jackals
  A quokka (D:2)
  6 bats
  4 frilled lizards
  17 kobolds
  4 rats
98 creatures vanquished.

Notes
Turn   | Place    | Note
-------+----------+-------------------------------------------
     0 | D:1      | Iskender the Octopode Chaos Knight began the quest for the
                  | Orb.
     0 | D:1      | Reached XP level 1. HP: 16/16 MP: 1/1
    80 | D:1      | Reached skill level 1 in Stealth
   240 | D:1      | XOM: harmless Tloc miscast
   431 | D:1      | Reached XP level 2. HP: 19/21 MP: 2/2
   654 | D:1      | Reached XP level 3. HP: 24/26 MP: 3/3
   738 | D:1      | XOM: mild Ice miscast
   892 | D:2      | Found a faded altar of an unknown god.
   958 | D:2      | Found an iron altar of Okawaru.
  1051 | D:2      | XOM: mild Tloc miscast
  1070 | D:2      | Reached skill level 3 in Dodging
  1070 | D:2      | Reached XP level 4. HP: 14/31 MP: 4/4
  1170 | D:2      | XOM: medium Tloc miscast
  1170 | D:2      | XOM: smoke on damage
  1459 | D:2      | Noticed Sigmund
  1602 | D:3      | XOM: stealth player
  1635 | D:3      | Found an ancient bone altar of Kikubaaqudgha.
  1874 | D:3      | XOM: cast spell 'Olgreb's Toxic Radiance'
  1874 | D:3      | Reached skill level 4 in Dodging
  1874 | D:3      | Reached XP level 5. HP: 4/36 MP: 5/5
  2002 | D:3      | XOM: harmless Air miscast
  2079 | D:3      | XOM: harmless Hex miscast
  2561 | D:2      | XOM: noise
  2573 | D:2      | XOM: divination: magic mapping
  2648 | D:3      | Found a burning altar of Makhleb.
  2713 | D:3      | Found a runed translucent gate.
  2713 | D:3      | Found a runed translucent gate.
  2713 | D:3      | Found a runed translucent gate.
  2713 | D:3      | Noticed Emblim88's ghost (amateur NaMo)
  2714 | D:3      | XOM: mild Chrm miscast
  2802 | D:3      | XOM: harmless Hex miscast
  2962 | D:4      | Noticed Robin
  2972 | D:4      | Killed Robin
  2972 | D:4      | Reached skill level 5 in Dodging
  2974 | D:4      | XOM: enchant monster (bad)
  3008 | D:4      | Reached XP level 6. HP: 33/42 MP: 6/6
  3290 | D:4      | Noticed a glowing shapeshifter
  3290 | D:4      | a kobold changed into a glowing shapeshifter
  3290 | D:4      | XOM: polymorph kobold -> glowing shapeshifter
  3290 | D:4      | Noticed a water nymph
  3290 | D:4      | a glowing shapeshifter changed into a water nymph
  3295 | D:4      | Noticed a glowing orange brain
  3295 | D:4      | a water nymph changed into a glowing orange brain
  3304 | D:5      | Entered Level 5 of the Dungeon
  3363 | D:5      | Slain by an iguana

Skill      XL: |  1  2  3  4  5 |
---------------+----------------+-----
Stealth        | 2 3 4 |  4.4
Dodging        | 3 4 5 |  5.4
Fighting       | |  3.0
Polearms       | |  3.0

Action                   |  1- 3 |  4- 6 || total
-------------------------+-------+-------++-------
Melee: Spear             |   101 |   120 ||   221
       Constrict         |    14 |    27 ||    41
       Tentacles         |     6 |    14 ||    20
 Fire: Hunting sling     |    10 |    26 ||    36
  Use: Scroll            |       |     6 ||     6
       Potion            |       |     1 ||     1
 Stab: Sleeping          |    12 |    16 ||    28
       Paralysed         |       |     1 ||     1
  Eat: Chunk             |     1 |     6 ||     7
       Ration            |       |     1 ||     1
Armor: Skin              |     2 |     4 ||     6
Dodge: Dodged            |    40 |    46 ||    86
